Map: Sacrificio tropical

Players

Kelrog

  • Race: Protoss Protoss
  • League: Diamond
  • Spawn Location: 1:00

Joyboy - Winner!

  • Race: Protoss Protoss
  • League: Master
  • Spawn Location: 7:00

VOD

Have the link to the VOD?

Description

Time

  • Played on: Nov. 4, 2022, 9:45 a.m.
  • Length: 12:48
Show
View Real Time Build Order
Export as new Build Order

Kelrog Protoss 

Build Orders: Blink Stalkers 

Get SALT Encoding   

  12  0:00  Probe  
  13  0:12  Probe  
  14  0:21  Pylon  
  14  0:24  Probe  
  15  0:39  Probe (Chrono Boost)  
  15  0:41  Gateway  
  17  0:50  Assimilator, Probe (Chrono Boost)  
  17  0:55  Probe (Chrono Boost)  
  18  1:05  Probe (Chrono Boost)  
  18  1:07  Assimilator  
  19  1:17  Probe (Chrono Boost)  
  19  1:18  Gateway  
  20  1:21  Probe (Chrono Boost)  
  21  1:32  Cybernetics Core  
  21  1:43  Probe, Pylon  
  22  1:55  Probe  
  23  2:07  Probe  
  23  2:08  Stalker x2  
  26  2:10  Warp Gate  
  29  2:25  Pylon  
  28  2:40  Stalker  
  28  2:43  Stalker  
  32  2:56  Shield Battery  
  32  3:02  Shield Battery  
  32  3:04  Probe  
  33  3:16  Probe  
  34  3:25  Twilight Council, Gateway  
  34  3:28  Probe  
  34  3:31  Pylon  
  35  3:49  Probe  
  35  3:53  Blink (Chrono Boost)  
  35  3:55  Nexus  
  36  4:06  Stalker  
  38  4:13  Stalker  
  40  4:20  Pylon  
  40  4:24  Probe  
  41  4:36  Probe  
  41  4:48  Probe  
  41  4:49  Forge  
  42  4:53  Gateway  
  42  5:00  Probe  
  41  5:09  Stalker x2  
  41  5:11  Probe, Protoss Ground Weapons Level 1 (Chrono Boost)  
  41  5:13  Probe  
  46  5:29  Robotics Facility  
  46  5:44  Stalker x2  
  46  5:45  Stalker  
  52  5:52  Charge (Chrono Boost)  
  52  5:53  Probe x2  
  54  6:05  Probe x2  
  54  6:09  Stalker  
  55  6:17  Probe x2  
  55  6:19  Observer (Chrono Boost)  
  52  6:29  Probe x2  
  54  6:33  Shield Battery  
  54  6:41  Probe x2  
  56  6:53  Probe x2  
  58  6:58  Assimilator  
  58  7:01  Stalker  
  60  7:05  Probe x2  
  60  7:17  Probe  
  60  7:18  Probe  
  59  7:30  Probe x2  
  59  7:33  Zealot x4  
  68  7:47  Pylon  
  68  7:48  Pylon  
  68  7:49  Protoss Ground Weapons Level 2 (Chrono Boost)  
  68  7:51  Assimilator  
  68  7:56  Sentry  
  70  8:01  Pylon  
  74  8:06  Immortal (Chrono Boost)  
  74  8:10  Pylon  
  74  8:22  Nexus, Pylon, Sentry  
  76  8:29  Zealot x3  
  81  8:42  Immortal (Chrono Boost)  
  85  8:49  Robotics Bay  
  85  8:51  Probe  
  86  8:57  Shield Battery  
  68  9:12  Stalker x3  
  74  9:29  Templar Archives  
  74  9:30  Zealot  
  76  9:34  Disruptor (Chrono Boost)  
  79  9:43  Observer  
  79  9:45  Sentry  
  81  9:46  Gateway  
  81  9:47  Gateway  
  81  9:48  Probe x3  
  84  9:54  Pylon  
  84  10:00  Disruptor (Chrono Boost)  
  87  10:08  Zealot x4  
  74  10:39  Zealot x2  
  78  10:43  Zealot  
  70  10:55  Disruptor (Chrono Boost)  
  73  11:02  High Templar x2  
  73  11:03  High Templar x2  
  81  11:09  Zealot x2  
  81  11:10  Archon  
  85  11:11  Archon  
  85  11:17  Nexus  
  85  11:23  Disruptor (Chrono Boost)  
  88  11:30  Pylon  
  88  11:31  Pylon  
  88  11:35  Stalker x5  
  88  11:36  Stalker  
  100  11:59  Photon Cannon  
  100  12:00  Observer  
  99  12:05  Photon Cannon  
  95  12:09  Zealot x4  
Show
View Real Time Build Order
Export as new Build Order

Joyboy Protoss - Winner!

Build Orders: Oracle Opening 

Get SALT Encoding   

  12  0:00  Probe  
  13  0:12  Probe  
  14  0:20  Pylon  
  14  0:24  Probe  
  15  0:38  Probe (Chrono Boost)  
  15  0:40  Gateway  
  16  0:48  Assimilator  
  16  0:49  Probe (Chrono Boost)  
  17  0:54  Probe (Chrono Boost)  
  18  0:58  Assimilator  
  18  1:04  Probe  
  19  1:11  Gateway  
  19  1:17  Probe  
  20  1:28  Cybernetics Core  
  20  1:29  Probe  
  21  1:41  Probe  
  21  1:43  Pylon  
  22  1:53  Probe  
  23  2:07  Warp Gate  
  27  2:09  Adept (Chrono Boost)  
  27  2:12  Adept (Chrono Boost)  
  27  2:16  Stargate  
  27  2:17  Probe  
  28  2:25  Pylon  
  28  2:34  Stalker  
  30  2:38  Probe  
  30  2:50  Adept  
  32  2:55  Shield Battery  
  32  3:02  Oracle  
  33  3:28  Nexus  
  33  3:40  Probe  
  33  3:53  Probe, Oracle  
  37  4:00  Sentry  
  39  4:04  Pylon  
  39  4:15  Twilight Council  
  39  4:22  Probe (Chrono Boost)  
  39  4:23  Stalker  
  42  4:34  Probe (Chrono Boost)  
  43  4:40  Probe (Chrono Boost)  
  43  4:41  Robotics Facility  
  43  4:43  Probe (Chrono Boost)  
  45  4:50  Blink (Chrono Boost)  
  47  4:52  Probe (Chrono Boost)  
  47  4:53  Probe (Chrono Boost)  
  47  4:57  Probe (Chrono Boost)  
  48  5:00  Probe  
  49  5:09  Probe  
  49  5:13  Probe  
  48  5:21  Probe  
  48  5:25  Probe, Stalker x2  
  54  5:29  Observer, Pylon  
  54  5:33  Probe  
  56  5:36  Pylon  
  56  5:37  Probe  
  57  5:46  Probe  
  58  5:50  Stalker x2  
  58  5:53  Pylon  
  62  5:57  Observer  
  63  6:09  Probe x2  
  65  6:16  Stalker x2  
  69  6:21  Probe  
  70  6:36  Gateway x2  
  70  6:37  Assimilator  
  70  6:39  Immortal  
  74  6:45  Shield Battery  
  74  6:47  Nexus  
  74  6:49  Shield Battery  
  74  6:54  Probe  
  74  6:58  Probe (Chrono Boost)  
  74  6:59  Forge  
  75  7:02  Pylon  
  75  7:06  Charge  
  76  7:10  Probe (Chrono Boost)  
  76  7:11  Probe (Chrono Boost)  
  75  7:16  Stalker x2  
  75  7:20  Probe (Chrono Boost)  
  75  7:21  Probe (Chrono Boost)  
  80  7:29  Protoss Ground Weapons Level 1 (Chrono Boost)  
  79  7:32  Probe  
  79  7:35  Probe  
  81  7:42  Immortal  
  85  7:47  Probe, Shield Battery  
  86  7:52  Gateway x2  
  86  7:53  Probe  
  86  7:54  Gateway  
  87  7:58  Stalker x2  
  87  7:59  Probe  
  87  8:03  Probe  
  93  8:06  Probe  
  93  8:11  Probe  
  93  8:12  Stalker  
  97  8:13  Stalker  
  97  8:14  Pylon  
  97  8:17  Probe  
  100  8:22  Probe  
  100  8:24  Warp Prism (Chrono Boost)  
  103  8:38  Stalker x4  
  111  8:48  Pylon  
  111  8:53  Assimilator  
  111  8:54  Shield Battery  
  111  8:56  Assimilator, Pylon  
  96  9:13  Probe  
  96  9:15  Probe  
  96  9:22  Probe  
  97  9:28  Zealot x7  
  97  9:29  Protoss Ground Weapons Level 2 (Chrono Boost)  
  111  9:32  Templar Archives  
  111  9:33  Probe  
  111  9:34  Pylon  
  112  9:45  Nexus  
  112  9:46  Pylon  
  112  9:57  Dark Shrine  
  112  9:58  Photon Cannon  
  112  10:00  Assimilator  
  112  10:02  Photon Cannon x2  
  112  10:09  Zealot x6  
  112  10:30  Robotics Bay  
  112  10:33  Robotics Facility  
  100  10:48  Probe  
  93  10:50  Probe  
  93  10:51  Stalker x6  
  93  10:52  Stalker  
  99  10:57  Probe  
  99  11:02  Shield Battery  
  99  11:04  Probe  
  101  11:05  Shield Battery  
  101  11:06  Photon Cannon  
  101  11:09  Probe x2  
  103  11:11  Probe  
  103  11:14  Assimilator  
  103  11:16  Probe  
  103  11:18  Assimilator  
  105  11:20  High Templar x4  
  105  11:21  Probe  
  105  11:24  Photon Cannon  
  114  11:28  Disruptor (Chrono Boost)  
  114  11:29  Archon  
  114  11:30  Archon, Disruptor (Chrono Boost)  
  120  11:35  Pylon  
  120  11:43  Dark Templar x2  
  124  11:54  Probe  
  124  11:55  Probe  
  126  12:02  Stalker x4  
  126  12:04  Disruptor (Chrono Boost)  
  126  12:08  Disruptor (Chrono Boost)  
  140  12:15  Pylon  
  140  12:18  High Templar x2  
  144  12:23  Pylon  
  144  12:28  Pylon  
  141  12:32  Stalker x4  
Tags
 
Add a new tag
Caveats
  • Supply blocks, unpowered buildings, or Contaminate may cause inaccurate times.
  • Supply counts are checked every 10 seconds.